Unix NetHack Version 5.0.0-0 post-release - last build Jun 10 2026 00:39:30 (3ee93aec679c4c4259841fe613dc97188e26a321,branch:main).

Game began 2026-06-20 14:28:32, ended 2026-06-20 14:44:09.

DaveT, lawful male human Priest

           ----           -----
           |..|    ----- --.|.---
           |..|   --...--|......|          ---
           |-.|---|.....---[.%..-         --.--
           |..--.-|......)[......----------...|
           |..)...---...-----.....%...[..[....##-
          --.---.......--   ----.------------.).|
        ---..|  ------.|       |.|          --#.--
        |.[.--        .|       |%--           #..|
        |_---         .|       |..|          *#..|
        |@|                   ---.|  ---#    ##...
        |u|                  --...----..##    #-^-
        |.|                  |.....--...##    |..|---
        -.|                  |.........--#    |.---.--
        ..|                  --..........--   |......-----
                              --...|......--- |.|.....<|.---
                               ------.......-------........|
                                    --.......|    ---......|
                                     --......|      ---....|
                                      --.-----        ------
                                       ---
DaveT the Adept              St:16 Dx:12 Co:16 In:9 Wi:18 Ch:13  Lawful
Dlvl:7  $:98 HP:0(56) Pw:130(132) AC:5  Xp:7 T:3550 

Latest messages:
 What do you want to take off? [cv or ?*] ?
 What do you want to take off? [cv or ?*] <space>
 Never mind.
 What do you want to wear? [bY or ?*] ?
 You are now wearing a Hawaiian shirt.
 What do you want to wear? [b or ?*] b
 You are now wearing a robe.
 There are several objects here.
 There are several objects here.
 A lit field surrounds you!
 The Uruk-hai hits!
 The Uruk-hai hits!
 You hit the Uruk-hai!
 You hit the Uruk-hai!
 You kill the Uruk-hai!
 The gnome lord hits!
 The gnome lord hits!
 f - a blessed iron skull cap.
 The gnome lord hits!
 You hit the gnome lord!
 The gnome lord hits!
 You kill the gnome lord!
 What do you want to take off? [bcv or ?*] ?
 You finish taking off your helm.
 What do you want to wear? [fvJK or ?*] ?
 You finish your dressing maneuver.
 You hit the gray ooze!
 You kill the gray ooze!
 Welcome to experience level 7.
 You see here a heavy iron ball (chained to you).
 The Uruk-hai hits!
 The Uruk-hai hits!
 You hit the Uruk-hai!
 The Uruk-hai hits!
 You kill the Uruk-hai!
 You see here a white-handed shield.
 You hit the Uruk-hai!
 The Uruk-hai hits!
 You kill the Uruk-hai!
 You see here a heavy iron ball (chained to you).
 You see here a heavy iron ball (chained to you).
 The pony kicks!
 The pony bites!
 The pony kicks!
 The pony bites!
 You hit the pony!
 The pony kicks!
 You die...
 Do you want your possessions identified? [ynq] (y) y
 Do you want to see your attributes? [ynq] (y) q

Inventory:
 Coins    ('$')
  $ - 98 gold pieces
 Weapons  (')')
  Q - a poisoned +0 crossbow bolt
  O - 43 +0 darts
  N - a +0 dagger
  u - 3 +0 orcish daggers
  U - a +0 aklys
  a - a blessed +4 mace (weapon in right hand)
 Armor    ('[')
  f - a blessed +1 orcish helm (being worn)
  J - a blessed +0 orcish helm
  v - a +1 orcish helm
  K - a +0 orcish helm
  c - a +0 small shield (being worn)
  b - a +0 robe (being worn)
  Y - a +0 Hawaiian shirt with a sea turtle motif (being worn)
 Comestibles  ('%')
  X - a slime mold
  F - a cursed slime mold
  e - a clove of garlic
  l - 4 food rations
  M - 2 lembas wafers
 Scrolls  ('?')
  A - a blessed scroll of amnesia
  z - a scroll of destroy armor
 Spellbooks  ('+')
  h - a spellbook of create monster
  m - a spellbook of invisibility
  g - a spellbook of light
 Potions  ('!')
  E - a potion of extra healing
  D - 2 cursed potions of healing
  d - 2 potions of holy water
  B - a potion of unholy water
 Tools    ('(')
  P - a blindfold
  S - a blindfold
  V - a +0 pick-axe
  Z - a stethoscope
 Gems/Stones  ('*')
  r - 2 worthless pieces of black glass
  s - a worthless piece of yellowish brown glass

DaveT the Priest's attributes:

Background:
 You were an Adept, a level 7 human Priest.
 You were lawful, nominally on a mission for Blind Io
 who was opposed by The Lady (neutral) and Offler (chaotic).
 You were right-handed.
 You were in the Gnomish Mines, on level 7.
 You entered the dungeon 3550 turns ago.
 You had 679 experience points, 601 more were needed to attain level 8.

Basics:
 You had 0 out of 56 hit points.
 You had 130 out of 132 energy points (spell power).
 Your armor class was 5.
 Your wallet contained 98 zorkmids.
 Autopickup was off.

Final Characteristics:
 Your strength was 16 (limit:18/100).
 Your dexterity was 12 (limit:18).
 Your constitution was 16 (limit:18).
 Your intelligence was 9 (limit:18).
 Your wisdom was 18 (limit:18).
 Your charisma was 13 (limit:18).

Final Status:
 You were chained to a heavy iron ball.
 You weren't hungry.
 You were unencumbered.
 You were wielding a mace.
 You were skilled in mace.

Final Attributes:
 You were piously aligned.
 You were telepathic.
 You were guarded.
 Your spell casting was enhanced by wearing a robe.
 You are dead.

Miscellaneous:
 You didn't encounter any bones levels.
 Total elapsed playing time was 15 minutes and 37 seconds.

Major events:
 Turn
    1: DaveT the lawful human Priest entered the dungeon
 1270: attained the rank of Acolyte (level 3)
 2097: entered the Gnomish Mines
 2825: attained the rank of Adept (level 6)
 3550: killed by a pony

Spells:
 Name                 Level Category     Fail Retention
 light                  1   clerical       0%   81%-90%
 create monster         2   clerical       0%   81%-90%
 invisibility           4   escape        99%  76%-100%

Skills:
 Fighting Skills
   bare handed combat [Unskilled]
 Weapon Skills
   club               [Unskilled]
   mace               [Skilled]
   morning star       [Unskilled]
   flail              [Unskilled]
   hammer             [Unskilled]
   quarterstaff       [Unskilled]
   polearms           [Unskilled]
   spear              [Unskilled]
   trident            [Unskilled]
   lance              [Unskilled]
   bow                [Unskilled]
   sling              [Unskilled]
   crossbow           [Unskilled]
   dart               [Unskilled]
   shuriken           [Unskilled]
   boomerang          [Unskilled]
   unicorn horn       [Unskilled]
 Spellcasting Skills
   healing spells     [Unskilled]
   divination spells  [Unskilled]
   clerical spells    [Basic]

Voluntary challenges:
 Character rerolling was not enabled.
 You were an atheist.
 You never genocided any monsters.
 You never polymorphed an object.
 You never changed form.
 You used no wishes.
Achievements:
 You entered a shop.
 You attained the rank of Acolyte.
 You entered the Gnomish Mines.
 You attained the rank of Adept.

 The Dungeons of Doom: levels 1 to 5
    Level 1:
       Some fountains, a sink.
    Level 2:
       A fountain.
    Level 3:
       A vegetarian food shop, a fountain.
    Level 4:
       Stairs down to The Gnomish Mines.
    Level 5:
 The Gnomish Mines: levels 5 to 7
    Level 5:
    Level 6:
    Level 7: <- You were here.
       Final resting place for
          you, killed by a pony.


Vanquished creatures:
  a giant spider
  7 Uruk-hai
  a yellow light
  2 shriekers
  7 gnome leaders
  a gray ooze
  4 giant ants
  a floating eye
  a kitten
  4 dwarves
  a kobold shaman
  a giant bat
  a wererat
  3 iguanas
 an acid blob
  a hobgoblin
  a giant rat
  a cave spider
  a yellow mold
 24 gnomes
  a gnome zombie
  2 geckos
  3 jackals
  2 foxes
  2 goblins
  5 grid bugs
  3 lichens
  4 newts
86 creatures vanquished.

No species were genocided or became extinct.

Game over:
                       ----------
                      /          \
                     /    REST    \
                    /      IN      \
                   /     PEACE      \
                  /                  \
                  |      DaveT       |
                  |      98 Au       |
                  | killed by a pony |
                  |                  |
                  |                  |
                  |                  |
                  |       2026       |
                 *|     *  *  *      | *
        _________)/\\_//(\/(/\)/\//\/|_)_______

Goodbye DaveT the Priest...

You died in The Gnomish Mines on dungeon level 7 with 3195 points,
and 98 pieces of gold, after 3550 moves.
You were level 7 with a maximum of 56 hit points when you died.

